[Event "ETCC Women 2013"]
[Site "Warsaw"]
[Date "2013.11.15"]
[Round "7"]
[White "Yildiz, Betul Cemre"]
[Black "Chevannes, Sabrina L"]
[Result "1-0"]
[ECO "D11"]
[WhiteElo "2291"]
[BlackElo "2200"]
[PlyCount "125"]
[EventDate "2013.??.??"]
[EventCountry "POL"]
[WhiteTeam "Turkey"]
[BlackTeam "England"]
[WhiteTeamCountry "TUR"]
[BlackTeamCountry "ENG"]
[TimeControl "40/5400+30:1800+30"]

1. d4 d5 2. c4 c6 3. Nf3 Nf6 4. Qc2 dxc4 5. Qxc4 Bf5 6. g3 Nbd7 7. Bg2 Nb6 8. Qb3 Qd5 9. Nbd2 Be6 10. Qd1 g6 11. O-O Bg7 12. Nb3 Qd8 13.
Nc5 Bc8 14. e4 Nfd7 15. Nd3 O-O 16. Qe2 Re8 17. Rd1 Nf8 18. Nde1 Be6 19. Be3 Qc7 20. Qc2 Qc8 21. Rac1 Bh3 22. Bh1 h6 23. Qd2 Qe6 24. Bxh6 Nc4 25. Qf4 g5 26. Qxg5 Qxh6 27. Qxh6 Bxh6 28. Rxc4 Ng6 29. Nd3 Kh7 30. Nfe5 Nxe5 31. Nxe5 Bf4 32. Nf3 Bh6 33. Rc5 Bg4 34. Rd3 f6 35. Bg2 Rad8 36. h3 Be6 37. b3 Bf7 38. Ne1 Bf8 39.
Rc2 Bg6 40. f4 e6 41. Rcd2 f5 42. Nf3 Kh6 43. Ng5 Bb4 44. Rd1 Re7 45. Kh2 Bh5 46. g4 fxg4 47. hxg4 Bxg4 48. Rh1 e5 49. Rg3 Bh5 50. dxe5 Bc5 51. e6 Bf2 52. Bf3 Bxf3 53. Rxf3 Rd2 54. Kh3 Kg6 55. Kg4 Bc5 56. Rfh3 Rg2+ 57. Kf3 Rf2+ 58. Kg3 Bd4 59. Rh6+ Kg7 60. Rh7+ Kf8 61. Rh8+ Kg7 62. R1h7+ Kf6 63. e5+ 1-0

[Event "ETCC Women 2013"]
[Site "Warsaw"]
[Date "2013.11.15"]
[Round "7"]
[White "Zawadzka, Jolanta"]
[Black "Khurtsidze, Nino"]
[Result "1-0"]
[ECO "B43"]
[WhiteElo "2383"]
[BlackElo "2462"]
[PlyCount "123"]
[EventDate "2013.??.??"]
[EventCountry "POL"]
[WhiteTeam "Poland"]
[BlackTeam "Georgia"]
[WhiteTeamCountry "POL"]
[BlackTeamCountry "GEO"]
[TimeControl "40/5400+30:1800+30"]

1. e4 c5 2. Nf3 e6 3. d4 cxd4 4. Nxd4 a6 5. Nc3 Qc7 6. Bd3 Nf6 7. O-O d6 8.
Qe2 Be7 9. Kh1 Nbd7 10. Bd2 Nc5 11. b4 Nxd3 12. cxd3 O-O 13. Rfc1 Qd8 14. Nb3 b6 15. Be3 Bb7 16. Na4 Nd7 17. f3 Bf6 18. Rab1 Rb8 19. Rc2 b5 20.
Nc3 Rc8 21. Rbc1 Bxc3 22. Rxc3 Rxc3 23. Rxc3 Qb8 24. Na5 Rc8 25. Qc2 Kf8 26. h3 e5 27. d4 Rxc3 28. Qxc3 Qc8 29. Qd2 Ke7 30. dxe5 Nxe5 31. Qd4 Bc6 32. Kh2 f6 33. Bf4 Bd7 34. Bxe5 dxe5 35. Qe3 Qc2 36. a3 Qc7 37. Nb3 Be6 38. Nc5 Qb6 39. f4 exf4 40.
Qxf4 a5 41. e5 axb4 42. axb4 Kf7 43. Ne4 Bd7 44. Nd6+ Ke7 45.
Qh4 Qc7 46. Qxh7 fxe5 47. Ne4 Kf8 48. Qh8+ Kf7 49. h4 Qc1 50.
Qh5+ Ke6 51. Nc5+ Kd6 52. Qg6+ Kc7 53. Qxg7 Qf4+ 54. Qg3 Qd4 55. h5 Bf5 56. Qg7+ Kd6 57. Qf6+ Kd5 58. Qf7+ Kd6 59. Qxf5 Qh4+ 60. Qh3 Qf4+ 61. Qg3 Qxb4 62. Qxe5+ {[%emt 0:00:43] Kd5} 1-0

[Event "ETCC Women 2013"]
[Site "Warsaw"]
[Date "2013.11.15"]
[Round "7"]
[White "Ziaziulkina, Nastassia"]
[Black "Zimina, Olga"]
[Result "1-0"]
[ECO "C67"]
[WhiteElo "2350"]
[BlackElo "2338"]
[PlyCount "81"]
[EventDate "2013.??.??"]
[EventCountry "POL"]
[WhiteTeam "Belarus"]
[BlackTeam "Italy"]
[WhiteTeamCountry "BLR"]
[BlackTeamCountry "ITA"]
[TimeControl "40/5400+30:1800+30"]

1. e4 e5 2. Nf3 Nc6 3. Bb5 Nf6 4. O-O Nxe4 5. Re1 Nd6 6. Nxe5 Be7 7. Bf1 Nxe5 8. Rxe5 O-O 9. d4 Ne8 10. d5 d6 11. Re1 Nf6 12. c4 Bf5 13.
Nc3 Re8 14. Qb3 Rb8 15. Be3 c5 16. h3 Bg6 17. Rad1 a6 18. a4 Nd7 19. Bf4 Qc7 20. Bd3 Bxd3 21. Rxd3 Bf6 22. Rde3 Rxe3 23. Rxe3 Bd4 24. Re1 Be5 25. Bxe5 Nxe5 26. Re3 Ng6 27. Ne4 h6 28. Re1 Kf8 29. Qg3 Re8 30. Re3 Re5 31. f4 Rf5 32. Qe1 Kg8 33. g3 b5 34. axb5 axb5 35. b3 bxc4 36. bxc4 Qb6 37.
Qd1 Nf8 38. Qc2 g6 39. Rf3 Qb4 40. g4 Qe1+ 41. Kg2 1-0

[Event "ETCC Open 2013"]
[Site "Warsaw"]
[Date "2013.11.15"]
[Round "7"]
[White "Fridman, Daniel"]
[Black "Yilmaz, Mustafa"]
[Result "0-1"]
[ECO "D15"]
[WhiteElo "2600"]
[BlackElo "2577"]
[PlyCount "150"]
[EventDate "2013.??.??"]
[EventCountry "POL"]
[WhiteTeam "Germany"]
[BlackTeam "Turkey"]
[WhiteTeamCountry "GER"]
[BlackTeamCountry "TUR"]
[TimeControl "40/5400+30:1800+30"]

1. d4 d5 2. c4 c6 3. Nf3 Nf6 4. Nc3 a6 5. e3 Bf5 6. Bd3 Bxd3 7. Qxd3 e6 8.
O-O Nbd7 9. Rd1 Be7 10. e4 dxe4 11. Nxe4 Nxe4 12. Qxe4 O-O 13.
Bf4 Re8 14. Rd3 Qa5 15. Rb3 Nf6 16. Qc2 b5 17. Ne5 Rac8 18. c5 Qd8 19. Rd1 Qd5 20. Ra3 Ra8 21. Rh3 Rac8 22. Ra3 Ra8 23. Rh3 Rac8 24. Ng4 Qf5 25. Qxf5 exf5 26. Nxf6+ Bxf6 27. Rhd3 a5 28. Kf1 g5 29. Bd6 Kg7 30. f3 Kg6 31. Re1 Re6 32. b3 Rce8 33. Bg3 f4 34. Bf2 Rd8 35.
Red1 Rd5 36. R1d2 Kf5 37. Re2 Rd7 38. Ke1 Rde7 39. Rdd2 Rd7 40. Kd1 Rd5 41. a3 h5 42. h3 g4 43. hxg4+ hxg4 44. fxg4+ Kxg4 45. Rd3 Kf5 46. Red2 Re8 47. Rh3 Red8 48. Rh5+ Bg5 49. Rh3 Kg6 50. Rf3 Bf6 51. Rfd3 Kf5 52. Kc2 Rg8 53. Be1 Rg4 54. Re2 Bxd4 55.
Bxa5 Rxc5+ 56. Kb1 Re5 57. Rc2 c5 58. a4 b4 59. Bxb4 Ke4 60.
Rxd4+ cxd4 61. a5 Rb5 62. Be1 Rxb3+ 63. Ka2 Re3 64. Bb4 d3 65.
Rc4+ Kd5 66. Rc5+ Kd4 67. Kb3 Rxg2 68. Rc4+ Kd5 69. Rc5+ Ke4 70. Rc4+ Kf3 71. Rd4 Re4 72. Rd7 Ke2 73. Bc3 f3 74. a6 f2 75. a7 Rg8 0-1

[Event "ETCC Open 2013"]
[Site "Warsaw"]
[Date "2013.11.15"]
[Round "7"]
[White "Mamedyarov, Shakhriyar"]
[Black "Bacrot, Etienne"]
[Result "1/2-1/2"]
[ECO "E61"]
[WhiteElo "2757"]
[BlackElo "2749"]
[PlyCount "83"]
[EventDate "2013.??.??"]
[EventCountry "POL"]
[WhiteTeam "Azerbaijan"]
[BlackTeam "France"]
[WhiteTeamCountry "AZE"]
[BlackTeamCountry "FRA"]
[TimeControl "40/5400+30:1800+30"]

1. d4 Nf6 2. c4 g6 3. Nc3 Bg7 4. Nf3 O-O 5. Bg5 d6 6. Qd2 Bf5 7. Bh6 c5 8.
d5 e5 9. Bxg7 Kxg7 10. Nh4 Bd7 11. g3 Na6 12. e4 Nc7 13. Bd3 a6 14. b3 b5 15. O-O Qe7 16. Nd1 a5 17. Ne3 Rfb8 18. f4 a4 19. fxe5 dxe5 20.
cxb5 Nxb5 21. Bxb5 Rxb5 22. d6 Qd8 23. Nc4 axb3 24. Nxe5 Rxa2 25. Rxa2 bxa2 26. Nxd7 Rb1 27. Qxa2 Rxf1+ 28. Kxf1 Nxd7 29. Ke2 Qf6 30. Qd2 Qe6 31. Qd5 Qxd5 32. exd5 Kf8 33. Nf3 Ke8 34. Kd3 Nb6 35. Ng5 h6 36. Ne4 Kd7 37. Nxc5+ Kxd6 38. Kd4 Nxd5 39. Nb7+ Ke6 40. Nc5+ Kd6 41. Nb7+ Ke6 42. Ke4 {Ke5+} 1/2-1/2